 Dungeon Crawl Stone Soup version 0.27-a0-1181-g5f64966fcc (webtiles) character file.

Game seed: 9472315016440722296

91 bande the Skirmisher (level 4, 0/29 HPs)
             Began as a Gargoyle Fighter on May 17, 2021.
             Slain by Sigmund
             ... wielding a +0 scythe
              (2 damage)
             ... on level 2 of the Dungeon.
             The game lasted 00:02:40 (1473 turns).

bande the Skirmisher (Gargoyle Fighter)             Turns: 1473, Time: 00:02:41

Health: 0/29       AC: 11    Str: 19    XL:     4   Next: 57%
Magic:  4/4        EV:  7    Int:  9    God:
Gold:   53         SH:  9    Dex: 10    Spells: 3/3 levels left

rFire    . . .     SeeInvis .   a - +0 war axe
rCold    . . .     Faith    .   c - +0 kite shield
rNeg     + . .     Spirit   .   b - +0 scale mail
rPois    ∞         Reflect  .   h - +0 helmet
rElec    +         Harm     .   (no cloak)
rCorr    .         Rampage  .   (no gloves)
Will     .....                  (no boots)
Stlth    ..........             (no amulet)
HPRegen  0.09/turn              (no ring)
MPRegen  0.09/turn              (no ring)

@: mighty
A: sickness immunity, AC +3, negative energy resistance 1, electricity
resistance, torment resistance 1, petrification resistance
a: no special abilities


You were on level 2 of the Dungeon.
You visited 1 branch of the dungeon, and saw 2 of its levels.

You collected 53 gold pieces.

Inventory:

Hand Weapons
 a - a +0 war axe (weapon)
Armour
 b - a +0 scale mail (worn)
 c - a +0 kite shield (worn)
 h - a +0 helmet (worn)
Jewellery
 f - a ring of ice
Scrolls
 e - a scroll of teleportation
 i - a scroll of blinking
 j - a scroll of identify
Potions
 g - a potion of cancellation


   Skills:
 + Level 3.9 Fighting
 + Level 2.9 Axes
 + Level 3.8 Armour
 + Level 0.4 Dodging
 + Level 3.8 Shields


You had 3 spell levels left.
You didn't know any spells.
Your spell library contained the following spells:

 Spells                   Type           Power      Damage    Failure   Level
 Summon Forest            Summ/Tloc      0%         N/A       100%        5
 Summon Mana Viper        Hex/Summ       0%         N/A       100%        5
 Shadow Creatures         Summ           N/A        N/A       100%        6
 Summon Hydra             Summ           0%         N/A       100%        7


Dungeon Overview and Level Annotations

Branches:
Dungeon (2/15)

Altars:

Annotations:
D:2 Sigmund


Innate Abilities, Weirdness & Mutations

You are immune to sickness and miasma.
Your stone body is resilient. (AC +3)
You are immune to poison.
You resist negative energy. (rN+)
You are resistant to electric shocks. (rElec)
You are resistant to unholy torment.
You are immune to petrification.


Message History

Sigmund casts a spell at you.
The puff of flame hits you but does no damage.
You bump into the rock wall.
Sigmund hits you from afar with a +0 scythe.
You feel very mighty all of a sudden.
Sigmund hits you from afar with a +0 scythe.
Sigmund barely misses you.
You feel less confused. You block Sigmund's attack.
You closely miss Sigmund. Sigmund gestures at you while chanting.
The puff of flame hits you but does no damage.
You closely miss Sigmund. Sigmund hits you but does no damage.
Sigmund asks, "Do you like me?" You block Sigmund's attack.
Your scale mail prevents you from hitting Sigmund.
Sigmund's eyes start glowing with a red light.
Sigmund hits you but does no damage.
Your shield and scale mail prevent you from hitting Sigmund.
Sigmund hits you with a +0 scythe!
Sigmund points at himself and mumbles some strange words.
Sigmund flickers and vanishes!
Deactivating autopickup; reactivate with Ctrl-A.
You closely miss something.
You hear some strange, mumbled words.
A magic dart appears from out of thin air!
The magic dart hits you. You block something's attack.
You miss something. Something hits you.
* * * LOW HITPOINT WARNING * * *
You barely miss something.
You hear some strange, mumbled words.
Something tries to affect you, but you resist.
Something hits you but does no damage.
You miss something. Something hits you.
* * * LOW HITPOINT WARNING * * *
You closely miss something. Something hits you.
* * * LOW HITPOINT WARNING * * *
You block something's attack.
You miss something. Something hits you but does no damage. Something hits you.
You die...

.. ##.#.# #.... #.#
#.#.# #.###
###.###.#.#####....
........#.##.......
.............##..##
###.#####.#####..#
##.#####.#####..#
#...............#
#@.#####........#
#{.# #######..#
....# #..## .....##
#.... ####### #####


There were no monsters in sight!

Vanquished Creatures
  Natasha (twice) (D:2)
  A dart slug (D:1)
  4 ball pythons (D:1)
  4 endoplasms
  3 giant cockroaches
  3 hobgoblins (D:1)
  9 jackals (D:1)
  A quokka (D:1)
  3 bats (D:1)
  2 goblins (D:2)
  A kobold (D:1)
  3 rats (D:1)
36 creatures vanquished.

Vanquished Creatures (others)
  A plant (D:2)
1 creature vanquished.

Grand Total: 37 creatures vanquished

Notes
Turn   | Place    | Note
-------+----------+-------------------------------------------
     0 | D:1      | bande the Gargoyle Fighter began the quest for the Orb.
     0 | D:1      | Reached XP level 1. HP: 14/14 MP: 1/1
   165 | D:1      | Reached XP level 2. HP: 13/19 MP: 2/2
   607 | D:1      | Reached XP level 3. HP: 24/24 MP: 3/3
   747 | D:1      | Found a faded altar of an unknown god.
  1022 | D:2      | Noticed Natasha
  1040 | D:2      | Killed Natasha
  1041 | D:2      | Reached XP level 4. HP: 27/29 MP: 4/4
  1084 | D:2      | Noticed Natasha
  1100 | D:2      | Killed Natasha
  1456 | D:2      | Noticed Sigmund
  1473 | D:2      | Slain by Sigmund

Illustrated notes

Levels and vault maps discovered:
D:1:      sevenhm_arrival_forest_fort_small_6, layout_basic,
          shapermc_ecumenical_altar_mp_vishouse, minmay_misc_feat_doors
D:2:      cheibrodos_old_hovel, layout_loops_ring, uniq_sigmund, uniq_natasha

Skill      XL: |  1  2 |
---------------+-------+-----
Axes           | 2 |  2.9
Fighting       | |  3.9
Armour         | |  3.8
Dodging        | |  0.4
Shields        | |  3.8

Action                   |  1- 3 |  4- 6 || total
-------------------------+-------+-------++-------
Melee: War axe           |    97 |    24 ||   121
  Use: Scroll            |     7 |       ||     7
       Potion            |     1 |     1 ||     2
Armor: Scale mail        |    85 |    10 ||    95
Dodge: Dodged            |    35 |     2 ||    37
Block: Kite shield       |    57 |    15 ||    72

Table legend: (Time is in decaauts)
 A = Elapsed time spent in this place.
 B = Non-inter-level travel time spent in this place.
 C = Inter-level travel time spent in this place.
 D = Time resting spent in this place.
 E = Time spent auto-exploring this place.
 F = Levels seen in this place.
 G = Mean time per level.
                   A        B        C        D        E       F      G
               +--------+--------+--------+--------+--------+-----+--------+
         Total |   1557 |   1557 |      0 |    273 |    909 |   2 |  778.5 |
       Dungeon |   1557 |   1557 |      0 |    273 |    909 |   2 |  778.5 |
               +--------+--------+--------+--------+--------+-----+--------+

Top non-repeatable levels by time:
     D:1: 963 daAuts
     D:2: 593 daAuts
